cohdb
Replays
Latest Replays
All Replays
Popular Replays
Top Player Replays
Match Explorer
How It Works
Community
CoH3 Stats
Reddit
Sign in to upload your games and track your stats! →
Sign in with Steam
Match 47195792
Unlisted
Match 47195792
Overview
Messages
Build Orders
End
Scout Squad
Construct Barracks
Riflemen Squad
Riflemen Squad
Infantry Support Center
Riflemen Squad
Construct Medical Station
Construct Motor Pool
Construct Weapon Support Center
M3 Armored Personnel Carrier
Grenade Package
M3 Armored Personnel Carrier
Selects Heavy Weapons
Selects Assault Carriers
Selects Exchangeable Parts
Engineer Squad
M1918 Browning Automatic Rifles
Advanced Logistics
Nico-Nico-Nii~~
GFM. Erwin Rommel
0
0
Comments
sign in to comment!
No comments posted yet!